 Dungeon Sprint DCSS version 0.17-a0-2007-g96ac4c4 (webtiles) character file.

1194 Ordine the Imperceptible (level 8, 36/36 HPs)
             Began as a Spriggan Enchanter on Oct 9, 2015.
             Was a Follower of Dithmenos.
             Quit the game in the Dungeon (Sprint I: "Red Sonja").
             The game lasted 00:03:41 (480 turns).

Ordine the Imperceptible (Spriggan Enchanter)        Turns: 480, Time: 00:03:41

Health: 36/36      AC:  4    Str:  4    XL:     8   Next: 20%
Magic:  13/22      EV: 18    Int: 17    God:    Dithmenos [*.....]
Gold:   98         SH:  0    Dex: 16    Spells: 3 memorised, 6 levels left

rFire  . . .     SeeInvis +     m - -3 blowgun (curse)
rCold  . . .     Clarity  .     b - +1 robe
rNeg   . . .     SustAt   .     (shield restricted)
rPois  .         Gourm    .     (helmet restricted)
rElec  +         Spirit   .     f - +0 cloak of the Hanged Man {rElec MR+ MP+9 Int-2} (curse)
rCorr  .         Warding  .     (gloves unavailable)
rMut   .         NoTele   +     (boots unavailable)
MR     ++...                    (no amulet)
Stlth  ++++++++++               (no ring)
                                (no ring)

@: wreathed by umbra, very quick, very resistant to hostile enchantments,
uncannily stealthy
A: unfitting armour, see invisible, herbivore 3, speed 3, slow metabolism 2
a: Renounce Religion


You were in the Dungeon.
You worshipped Dithmenos.
Dithmenos was aware of your devotion.
You were not hungry.

You visited 1 branch You collected 297 gold pieces.
You spent 199 gold pieces at shops.

Inventory:

Hand Weapons
 a - a +1 dagger
 m - a cursed -3 blowgun (weapon)
Missiles
 k - 6 curare-tipped needles (quivered)
Armour
 b - a +1 robe (worn)
 f - the cursed +0 cloak of the Hanged Man (worn) {rElec MR+ MP+9 Int-2}
   (You bought it in a shop in the Dungeon)

   It affects your intelligence (-2).
   It insulates you from electricity.
   It affects your resistance to hostile enchantments.
   It affects your magic capacity (+9).
   It has a curse placed upon it.
Wands
 l - a wand of polymorph (10)
Scrolls
 j - a scroll of blinking
Potions
 e - a potion of cancellation {unknown}
 g - a potion of haste
 h - 2 potions of magic
 i - a potion of berserk rage
Books
 c - a book of Maledictions

   Spells                             Type                      Level
   a - Corona                         Hexes                        1
   b - Ensorcelled Hibernation        Hexes/Ice                    2
   c - Confuse                        Hexes                        3
   d - Tukima's Dance                 Hexes                        3
   e - Dazzling Spray                 Conjuration/Hexes            3
Comestibles
 d - a bread ration


   Skills:
 - Level 1.1 Short Blades
 - Level 3.0 Dodging
 + Level 24.2 Stealth
 - Level 2.6 Spellcasting
 - Level 3.6 Hexes


You had 6 spell levels left.
You knew the following spells:

 Your Spells              Type           Power        Failure   Level  Hunger
a - Corona                Hex            ##.....      4%          1    #......
b - Ensorcelled Hibernat  Hex/Ice        #.....       17%         2    ##.....
c - Confuse               Hex            ##......     14%         3    ###....


Dungeon Overview and Level Annotations

Branches:
Dungeon (1/1)

Altars:
Cheibriados
Dithmenos
Elyvilon
Fedhas
Gozag
Kikubaaqudgha
Makhleb
Nemelex Xobeh
Okawaru
Qazlal
Ru
Sif Muna
Trog
Vehumet
Xom
Yredelemnul
Zin
The Shining One
Jiyva

Shops:
D [


Innate Abilities, Weirdness & Mutations

You are tiny and cannot use many weapons and most armour.
You have supernaturally acute eyesight.
You are a herbivore.
You cover ground extremely quickly.
You need consume almost no food.


Message History

You skewer Sonja like a kebab!!!!
You kill Sonja!
Dithmenos accepts your kill.
You are shrouded in an aura of darkness!
Your Stealth skill gained 3 levels and is now at level 24!
You have reached level 8!
Unknown command.
k - 6 curare-tipped needles;
l - a wand of polymorph
Things that are here:
a short sword of distortion; a blowgun
m - a blowgun Wield which item (- for none, * to show all)? (? for menu, Esc to quit)
It sticks to your hand!
m - a cursed -3 blowgun (weapon)
You can't unwield your weapon to draw a new one!
Unknown command.
Read which item? (? for menu, Esc to quit)
Okay, then.
Unknown command.
Are you sure you want to abandon this character and quit the game? (Confirm with "yes".)

#..####..#...#[####§§
#..#__####..##.#§≈≈§c
#..#_..__##'#..+§≈≈§§
#⌠⌠#_.∩..†'..._#≈≈§§c#
####_..._##_.#+# +#
#_____###'#
#########.## +$.$+
#$@$# ##.## #+#


There were no monsters in sight!

Vanquished Creatures
  Sonja (D)
  A slime creature (D)
  Sigmund (D)
  A yak (D)
  An ogre (D)
  A jelly (D)
  Ijyb (D)
7 creatures vanquished.

Notes
Turn   | Place    | Note
--------------------------------------------------------------
     0 | D        | Ordine the Spriggan Enchanter began the quest for the Orb.
     0 | D        | Reached XP level 1. HP: 9/9 MP: 5/5
     2 | D        | Noticed Ijyb
    29 | D        | Killed Ijyb
    29 | D        | Reached skill level 10 in Stealth
    29 | D        | Reached XP level 2. HP: 4/13 MP: 6/6
    35 | D        | Learned a level 2 spell: Ensorcelled Hibernation
   346 | D        | Noticed an ogre
   349 | D        | Killed an ogre
   349 | D        | Reached skill level 14 in Stealth
   349 | D        | Reached XP level 3. HP: 16/16 MP: 8/8
   349 | D        | Reached XP level 4. HP: 21/21 MP: 9/9
   354 | D        | Learned a level 3 spell: Confuse
   356 | D        | Noticed Sigmund
   359 | D        | Killed Sigmund
   359 | D        | Reached skill level 18 in Stealth
   359 | D        | Reached XP level 5. HP: 24/24 MP: 10/10
   359 | D        | Reached XP level 6. HP: 28/28 MP: 11/11
   373 | D        | Found a snail-covered altar of Cheibriados.
   373 | D        | Found a viscous altar of Jiyva.
   373 | D        | Found a shadowy altar of Dithmenos.
   373 | D        | Found a blossoming altar of Fedhas.
   373 | D        | Noticed a slime creature
   376 | D        | Killed a slime creature
   376 | D        | Reached skill level 20 in Stealth
   379 | D        | Became a worshipper of Dithmenos the Shadowed
   384 | D        | Found a deep blue altar of Sif Muna.
   385 | D        | Noticed a jelly
   386 | D        | Found a radiant altar of Vehumet.
   391 | D        | Killed a jelly
   396 | D        | Noticed a centaur warrior
   396 | D        | Noticed a centaur warrior
   452 | D        | Found Vydghuh's Antique Armour Emporium.
   452 | D        | Found a white marble altar of Elyvilon.
   452 | D        | Found a stormy altar of Qazlal.
   452 | D        | Found a burning altar of Makhleb.
   452 | D        | Found a sacrificial altar of Ru.
   452 | D        | Found a basalt altar of Yredelemnul.
   452 | D        | Found a glowing golden altar of the Shining One.
   452 | D        | Found a sparkling altar of Nemelex Xobeh.
   452 | D        | Found a shimmering altar of Xom.
   452 | D        | Found an opulent altar of Gozag.
   452 | D        | Found an ancient bone altar of Kikubaaqudgha.
   452 | D        | Found a glowing silver altar of Zin.
   452 | D        | Noticed a yak
   453 | D        | Found an iron altar of Okawaru.
   454 | D        | Killed a yak
   454 | D        | Reached skill level 21 in Stealth
   454 | D        | Reached XP level 7. HP: 32/32 MP: 12/12
   455 | D        | Found a bloodstained altar of Trog.
   459 | D        | Bought a shimmering cloak for 199 gold pieces
   464 | D        | Identified the cursed +0 cloak of the Hanged Man {rElec MR+ MP+9 Int-2} (You bought it in a shop in the Dungeon)
   471 | D        | Noticed Sonja
   475 | D        | Killed Sonja
   475 | D        | Reached skill level 24 in Stealth
   475 | D        | Reached XP level 8. HP: 36/36 MP: 13/13
   480 | D        | Quit the game

Vault maps used:
D:        dungeon_sprint_1

Action                   |  1- 3 |  4- 6 |  7- 9 || total
-------------------------+-------+-------+-------++-------
Melee: Dagger            |    24 |     4 |     1 ||    29
  Use: Potion            |     2 |       |       ||     2
 Stab: Sleeping          |     2 |     4 |     1 ||     7
